 Dungeon Crawl Stone Soup version 0.27.1-33-g824d729ab1 (webtiles) character file.

Game seed: 3765838175856172197

107 spaced the Conjurer (level 4, -2/34 HPs)
             Began as a Draconian Conjurer on Nov 26, 2021.
             Slain by an orc wizard (9 damage)
             ... on level 3 of the Dungeon.
             The game lasted 00:04:25 (2357 turns).

spaced the Conjurer (Draconian Conjurer)            Turns: 2357, Time: 00:04:26

Health: -2/34      AC:  6    Str:  9    XL:     4   Next: 56%
Magic:  1/8        EV: 12    Int: 25    God:
Gold:   36         SH:  0    Dex: 10    Spells: 5/8 levels left

rFire    . . .     SeeInvis .   e - +1 falchion (vorpal)
rCold    . . .     Faith    .   (no shield)
rNeg     . . .     Spirit   .   (armour unavailable)
rPois    .         Reflect  .   (helmet restricted)
rElec    .         Harm     .   (no cloak)
rCorr    .         Rampage  .   (no gloves)
Will     .....                  g - +0 pair of boots
Stlth    +.........             (no amulet)
HPRegen  0.11/turn              j - +6 ring of intelligence
MPRegen  0.11/turn              (no ring)

@: confused
A: AC +5, unfitting armour, cold-blooded
a: no special abilities


You were on level 3 of the Dungeon.
You visited 1 branch of the dungeon, and saw 3 of its levels.

You collected 36 gold pieces.

Inventory:

Hand Weapons
 a - a +0 short sword
 e - a +1 vorpal falchion (weapon)
Armour
 g - a +0 pair of boots (worn)
Jewellery
 j - a +6 ring of intelligence (left hand)
Scrolls
 b - a scroll of noise {unknown}
 c - 2 scrolls of teleportation {unknown}
 f - a scroll of enchant armour {unknown}
 i - a scroll of acquirement {unknown}
Potions
 d - a potion of degeneration {unknown}
 h - a potion of haste {unknown}
 k - a potion of heal wounds {unknown}
 l - a potion of magic {unknown}


   Skills:
 + Level 0.6 Fighting
 + Level 0.6(0.9) Short Blades
 + Level 0.7(1.0) Long Blades
 + Level 2.1 Dodging
 + Level 2.1 Stealth
 + Level 0.7 Unarmed Combat
 + Level 2.7 Spellcasting
 + Level 4.8 Conjurations


You had 5 spell levels left.
You knew the following spells:

 Your Spells              Type           Power      Damage    Failure   Level
a - Magic Dart            Conj           100%       1d8       1%          1
b - Searing Ray           Conj           54%        3d5       2%          2

Your spell library contained the following spells:

 Spells                   Type           Power      Damage    Failure   Level
 Dazzling Flash           Conj/Hex       30%        N/A       12%         3
 Fulminant Prism          Conj/Hex       7%         3d7       36%         4
 Iskenderun's Mystic Bla  Conj/Tloc      15%        2d5       36%         4


Dungeon Overview and Level Annotations

Branches:
Dungeon (3/15)

Altars:


Innate Abilities, Weirdness & Mutations

Your plain brown scales are hard. (AC +5)
You cannot fit into any form of body armour.
You are cold-blooded and may be slowed by cold attacks.


Message History

The orc priest mumbles some strange prayers to Beogh against you.
Pain shoots through your body!
Casting: Magic Dart (safe; 1% risk of failure)
Confirm with . or Enter, or press ? or * to list all spells.
Aiming: Searing Ray (safe; 2% risk of failure)
Press: ? - help, Shift-Dir - straight line, f/p - orc priest
Aim: an orc priest, wielding a +0 mace and wearing a +0 leather armour (79% to hit)
The searing ray hits the orc priest!
The orc priest is severely wounded. (Press . to maintain the ray.)
The orc priest calls down the wrath of Beogh upon you.
Beogh smites you!
An orc wizard comes into view.
It is wielding a +0 dagger of electrocution.
Without enough magic to sustain it, your searing ray dissipates.
You hit the orc priest but do no damage.
The orc priest is severely wounded.
The orc priest hits you with a +0 mace.
You hit the orc priest.
You kill the orc priest!
You hit the orc wizard.
The orc wizard is moderately wounded.
The orc wizard hits you but does no damage.
You completely miss the orc wizard.
The orc wizard is moderately wounded.
The orc wizard hits you but does no damage.
The orc wizard hits you with a +0 dagger of electrocution.
* * * LOW HITPOINT WARNING * * *
You hit the orc wizard.
The orc wizard is heavily wounded.
The orc wizard points at you and mumbles some strange words.
You are confused.
You're too confused to move!
The orc wizard points at you and mumbles some strange words.
You are more confused.
You barely miss the orc wizard.
Your tail-slap misses the orc wizard.
The orc wizard is heavily wounded.
The orc wizard hits you with a +0 dagger of electrocution.
* * * LOW HITPOINT WARNING * * *
You are electrocuted!
You die...

..... ... .... .o
#..# .# #..##.##
###..#...
#......##
#......)##
#.####......o##
..........#.)@##
#.####.#.......##
#.##.#.....+
####.........##
.......<....##
###.##.....## ##
##...## ...##
##...


You could see an orc wizard.

Vanquished Creatures
  An orc priest (D:3)
  3 adders (D:2)
  A dart slug (D:1)
  2 orcs (D:3)
  4 bats
  5 endoplasms
  A giant cockroach (D:1)
  3 goblins
  2 hobgoblins
  10 jackals
  2 quokkas
  A ball python (D:1)
  4 frilled lizards
  A kobold (D:1)
  4 rats
44 creatures vanquished.

Vanquished Creatures (others)
  4 toadstools (D:1)
4 creatures vanquished.

Grand Total: 48 creatures vanquished

Notes
Turn   | Place    | Note
-------+----------+-------------------------------------------
     0 | D:1      | spaced the Draconian Conjurer began the quest for the Orb.
     0 | D:1      | Reached XP level 1. HP: 14/14 MP: 3/3
   596 | D:1      | Reached XP level 2. HP: 20/20 MP: 3/5
  1367 | D:2      | Found a faded altar of an unknown god.
  1486 | D:2      | Reached XP level 3. HP: 26/26 MP: 1/6
  1585 | D:2      | Learned a level 2 spell: Searing Ray
  1937 | D:2      | Reached XP level 4. HP: 34/34 MP: 2/7
  2357 | D:3      | Slain by an orc wizard

Illustrated notes

Levels and vault maps discovered:
D:1:      ldierk_walled_garden_2, layout_loops_ring,
          hangedman_abyss_or_decor_lesser_grid
D:2:      layout_basic, shapermc_ecumenical_altar_starsandcircs
D:3:      layout_basic, mainiacjoe_overflow_surrounded_room,
          grunt_gozag_statues, zin_scriptorium, demons_altar, serial_shops,
          nicolae_shop_competitors_out_of_business, grunt_decor_arrowhead

Skill      XL: |  1  2  3 |
---------------+----------+-----
Dodging        | 2 |  2.1
Stealth        | 2 |  2.1
Fighting       | |  0.6
Short Blades   | |  0.6
Long Blades    | |  0.7
Unarmed Combat | |  0.7
Spellcasting   | |  2.7
Conjurations   | |  4.8

Action                   |  1- 3 |  4- 6 || total
-------------------------+-------+-------++-------
Melee: Unarmed           |    37 |       ||    37
       Short sword       |     6 |       ||     6
       Tailslap          |     4 |       ||     4
       Falchion          |    15 |     6 ||    21
 Cast: Magic Dart        |    58 |    11 ||    69
       Searing Ray       |       |     2 ||     2
 Stab: Sleeping          |     1 |       ||     1
Armor: Skin              |    17 |     2 ||    19
Dodge: Dodged            |    33 |     1 ||    34
       Rpst.: Falchion   |     2 |     1 ||     3
